 Dungeon Crawl Stone Soup version 0.28.0-62-gf88900778d (webtiles) character file.

Game seed: 9123065906979275409

29592 cbfl8 the Severer (level 13, -5/114 HPs)
             Began as a Minotaur Berserker on July 2, 2023.
             Was an Elder of Trog.
             Succumbed to Rupert's poison
             ... on level 14 of the Dungeon.
             The game lasted 00:15:45 (20184 turns).

cbfl8 the Severer (Minotaur Berserker)             Turns: 20184, Time: 00:15:45

Health: -5/114     AC: 24    Str: 29    XL:     13   Next: 16%
Magic:  12/12      EV: 11    Int:  8    God:    Trog [****..]
Gold:   699        SH: 18    Dex: 17    Spells: 12/12 levels left

rFire   . . .      SeeInvis +   o - +4 broad axe
rCold   + . .      Faith    .   t - +2 kite shield {rC+}
rNeg    . . .      Spirit   .   x - +7 chain mail of the Ego {Int+4}
rPois   .          Reflect  +   (helmet restricted)
rElec   .          Harm     .   y - +1 cloak
rCorr   .          Rampage  .   z - +1 pair of gloves
Will    .....                   (no boots)
Stlth   ..........              p - amulet of Qeican {Reflect +Blink Dex+3 SH+5}
HPRegen 0.29/turn               a - +6 ring of strength
MPRegen 0.13/turn               u - ring of see invisible

@: lethally poisoned (-5 -> -65), on berserk cooldown, slowed, studying Axes,
very slow
A: horns 2, retaliatory headbutt
a: Renounce Religion, Evoke Blink, Berserk, Trog's Hand, Brothers in Arms


You were on level 14 of the Dungeon.
You worshipped Trog.
Trog was greatly pleased with you.
You visited 1 branch of the dungeon, and saw 14 of its levels.
You also visited: Ice Cave.

You collected 888 gold pieces.
You spent 189 gold pieces at shops.

Inventory:

Hand Weapons
 o - a +4 broad axe (weapon)
Missiles
 E - a throwing net
Armour
 t - a +2 kite shield of cold resistance (worn)
 x - the +7 chain mail of the Ego (worn) {Int+4}
   (You found it on level 11 of the Dungeon)

   Int:       It affects your intelligence (+4).
 y - a +1 cloak (worn)
 z - a +1 pair of gloves (worn)
Jewellery
 a - a +6 ring of strength (left hand)
 g - the ring "Imohi Asef" {rElec rF+ rC+ Dex-5}
   (You found it in an ice cave)

   [ring of protection from cold]

   Dex:       It affects your dexterity (-5).
   rF:        It protects you from fire.
   rC:        It protects you from cold.
   rElec:     It insulates you from electricity.
 p - the amulet of Qeican (around neck) {Reflect +Blink Dex+3 SH+5}
   (You took it off a gnoll shaman on level 9 of the Dungeon)

   [amulet of reflection]

   It reflects blocked missile attacks.
   Dex:       It affects your dexterity (+3).
   +Blink:    It lets you blink.
   SH:        It affects your SH (+5).
 u - a ring of see invisible (right hand)
Wands
 j - a wand of flame (38) (quivered)
 v - a wand of paralysis (8)
 w - a wand of digging (2)
 A - a wand of polymorph (6)
Scrolls
 i - 2 scrolls of magic mapping
 k - 3 scrolls of teleportation
 B - a scroll of enchant armour
 F - a scroll of fog
 G - a scroll of blinking {unknown}
Potions
 b - a potion of mutation
 c - a potion of resistance
 d - 6 potions of curing
 e - a potion of berserk rage
 f - 2 potions of haste {unknown}
 h - a potion of ambrosia {unknown}
 l - 3 potions of might {unknown}
 m - 3 potions of lignification {unknown}
 n - 2 potions of heal wounds {unknown}
 q - a potion of flight {unknown}
 r - a potion of magic {unknown}
 C - 2 potions of invisibility
Miscellaneous
 s - a phial of floods


   Skills:
 + Level 10.4 Fighting
 + Level 16.3 Axes
 + Level 11.9 Armour
 * Level 7.8 Dodging
 + Level 2.5 Stealth
 + Level 7.0 Shields
 * Level 9.5 Evocations


You had 12 spell levels left.
You didn't know any spells.
Your spell library was empty.

Dungeon Overview and Level Annotations

Branches:
Dungeon (14/15)            Temple (0/1) D:4            Lair (0/6) D:10
    Orc (0/2) D:11          IceCv (visited)
 Vaults: D:13-14

Altars:
Cheibriados
Dithmenos
Fedhas
Kikubaaqudgha
Qazlal
Ru
Sif Muna
Uskayaw
Vehumet
Wu Jian

Shops:
D:7 (

Annotations:
D:6 3 runed translucent doors, macfelon's ghost, novice DECj; valliere's ghost, novice GnFE
D:10 3 runed translucent doors


Innate Abilities, Weirdness & Mutations

You have a pair of horns on your head.
You reflexively headbutt those who attack you in melee.


Message History

Rupert is heavily wounded.
You feel very sick. Rupert hits you but does no damage.
You are more poisoned.
You barely miss Rupert. You headbutt Rupert!
Rupert is heavily wounded.
You feel very sick.
Rupert hits you with a +1 battleaxe of venom!
You are more poisoned.
You hit Rupert.
Rupert is heavily wounded.
You feel extremely sick.
Rupert hits you with a +1 battleaxe of venom!!
You are lethally poisoned!
You slice Rupert!! You headbutt Rupert!
Rupert is severely wounded.
You feel extremely sick.
Rupert hits you with a +1 battleaxe of venom!
* * * LOW HITPOINT WARNING * * *
You are more poisoned.
You slice Rupert!! You headbutt Rupert!
Rupert is almost dead.
* * * LOW HITPOINT WARNING * * *
You feel extremely sick. You block Rupert's attack.
You are too berserk!
You slice Rupert!!
You kill Rupert!
Trog accepts your kill.
* * * LOW HITPOINT WARNING * * *
You feel extremely sick.
Your Shields skill increases to level 7!
You are too berserk!
* * * LOW HITPOINT WARNING * * *
You feel extremely sick.
You feel a strong urge to attack something.
You are no longer berserk.
You are exhausted.
You feel yourself slow down.
You die...

#........ #........
.#############........
...............###....
#####...#############†
###.# ........
#########.### ........
#...........### ........
#.....)@......# ........
#...........#...........
#.....(.....# ##:.......
.....!......# ........
#...........# ##.#####
#########.### #. .# # .#


There were no monsters in sight!

Vanquished Creatures
  Rupert (D:14)
  An azure jelly (IceCv)
  2 quicksilver oozes (IceCv)
  A boulder beetle (D:14)
  4 centaur warriors
  5 two-headed ogres
  A manticore (D:11)
  6 cyclopes
  4 ugly things
  Maurice (D:10)
  2 ice statues (IceCv)
  A gargoyle (D:11)
  A kobold demonologist (D:10)
  2 unseen horrors
  A komodo dragon (D:10)
  A freezing wraith (D:14)
  2 ice devils (D:11)
  2 trolls
  A hornet (D:9)
  15 slime creatures
  A yak (shapeshifter) (D:13)
  13 yaks
  Sigmund (D:4)
  A vampire (D:13)
  2 wraiths
  A wyvern (D:8)
  A steam dragon (D:6)
  2 vampire mosquitoes (D:11)
  Grum (D:8)
  3 wargs (D:10)
  3 demonic crawler simulacra (IceCv)
  2 acid dragons
  2 water moccasins
  Duvessa (D:7)
  3 sky beasts
  A black bear (D:6)
  2 ugly thing simulacra (IceCv)
  3 orc warriors
  2 hornet zombies
  A necrophage (D:8)
  An ogre (D:5)
  2 wolves (D:8)
  8 centaurs
  2 kobold brigands (D:10)
  2 bullfrogs
  Blork the orc (D:5)
  A wyvern zombie (D:6)
  2 gnoll sergeants
  A water moccasin zombie (D:5)
  2 glowing shapeshifter simulacra (IceCv)
  A wyvern skeleton (D:6)
  Dowan (D:7)
  13 killer bees
  3 electric eels
  A centaur zombie (D:9)
  2 bullfrog zombies
  8 orc priests
  A jelly (D:7)
  2 gnoll shamans
  3 hounds (D:5)
  2 centaur skeletons
  2 iguanas
  9 orc wizards
  3 howler monkey zombies
  A howler monkey skeleton (D:7)
  5 adders
  11 gnolls
  2 ufetubi
  An adder skeleton (D:4)
  4 worms
  A dart slug (D:2)
  33 orcs
  10 ball pythons
  7 endoplasms
  3 giant cockroaches (D:1)
  5 goblins
  12 hobgoblins
  9 jackals (D:1)
  4 quokkas
  3 bats
  3 frilled lizards
  10 kobolds
  5 rats
302 creatures vanquished.

Vanquished Creatures (collateral kills)
  Erolcha (D:10)
1 creature vanquished.

Grand Total: 303 creatures vanquished

Notes
Turn   | Place    | Note
-------+----------+-------------------------------------------
     0 | D:1      | cbfl8 the Minotaur Berserker began the quest for the Orb.
     0 | D:1      | Reached XP level 1. HP: 19/19 MP: 0/0
   195 | D:1      | Reached XP level 2. HP: 22/27 MP: 1/1
   208 | D:1      | Reached skill level 4 in Axes
   607 | D:1      | Reached XP level 3. HP: 33/33 MP: 2/2
   666 | D:1      | Reached ** piety under Trog
   773 | D:1      | Reached skill level 1 in Evocations
  1616 | D:2      | Found a faded altar of an unknown god.
  1698 | D:2      | Reached XP level 4. HP: 41/41 MP: 3/3
  2373 | D:3      | Noticed a centaur
  2380 | D:3      | Killed a centaur
  2381 | D:3      | Reached skill level 5 in Axes
  2381 | D:3      | Reached XP level 5. HP: 35/47 MP: 4/4
  2870 | D:4      | Found a staircase to the Ecumenical Temple.
  2898 | D:4      | Noticed Sigmund
  2906 | D:4      | Killed Sigmund
  2907 | D:4      | Reached skill level 5 in Fighting
  2907 | D:4      | Reached skill level 6 in Axes
  2907 | D:4      | Reached XP level 6. HP: 56/56 MP: 5/5
  2982 | D:4      | Found a stormy altar of Qazlal.
  2991 | D:4      | Reached *** piety under Trog
  3142 | D:4      | Found a sacrificial altar of Ru.
  3232 | D:4      | Found an ancient bone altar of Kikubaaqudgha.
  3745 | D:5      | Entered Level 5 of the Dungeon
  3745 | D:5      | Noticed a water moccasin
  3755 | D:5      | Killed a water moccasin
  3756 | D:5      | Reached skill level 1 in Stealth
  3796 | D:5      | Noticed a sky beast
  3804 | D:5      | Killed a sky beast
  3805 | D:5      | Reached XP level 7. HP: 30/61 MP: 6/6
  3969 | D:5      | Noticed Blork the orc
  3981 | D:5      | Killed Blork the orc
  4184 | D:5      | Reached skill level 7 in Axes
  4210 | D:5      | Found an ornate altar of the Wu Jian Council.
  4403 | D:5      | Reached skill level 5 in Armour
  4535 | D:5      | Reached XP level 8. HP: 65/69 MP: 7/7
  4642 | D:5      | Found a blossoming altar of Fedhas.
  5193 | D:5      | Found a shimmering blue altar of Sif Muna.
  5330 | D:6      | Reached skill level 8 in Axes
  5752 | D:6      | Found a runed translucent gate.
  5752 | D:6      | Found a runed translucent gate.
  5752 | D:6      | Found a runed translucent gate.
  5753 | D:6      | Noticed valliere's ghost (novice GnFE)
  5754 | D:6      | Noticed macfelon's ghost (novice DECj)
  6750 | D:7      | Reached skill level 9 in Axes
  6799 | D:7      | Reached XP level 9. HP: 42/78 MP: 8/8
  7048 | D:7      | Reached **** piety under Trog
  7213 | D:7      | Noticed Dowan
  7220 | D:7      | Killed Dowan
  7220 | D:7      | Noticed Duvessa
  7227 | D:7      | Killed Duvessa
  7228 | D:7      | Reached skill level 5 in Evocations
  7504 | D:7      | Reached skill level 10 in Axes
  7982 | D:7      | Found Zac Loti's Antique Weapon Shoppe.
  7987 | D:7      | Bought a glowing broad axe for 189 gold pieces
  8118 | D:7      | Found a radiant altar of Vehumet.
  8362 | D:8      | Killed an unseen horror
  8642 | D:8      | Noticed a cyclops
  8650 | D:8      | Killed a cyclops
  8651 | D:8      | Reached XP level 10. HP: 36/86 MP: 9/9
  9489 | D:8      | Noticed Grum
  9492 | D:8      | Reached skill level 11 in Axes
  9500 | D:8      | Killed Grum
 10495 | D:9      | Identified the amulet of Qeican {Reflect +Blink Dex+3 SH+5}
 10740 | D:9      | Found a hide-covered altar of Uskayaw.
 11039 | D:9      | Identified the +3 helmet of Ibosa {+Blink rCorr Dex-4}
 11273 | D:10     | Entered Level 10 of the Dungeon
 11580 | D:10     | Noticed Erolcha
 11596 | D:10     | Reached skill level 12 in Axes
 11596 | D:10     | Reached skill level 1 in Shields
 11604 | D:10     | Reached skill level 10 in Armour
 11619 | D:10     | Killed Erolcha
 11912 | D:11     | Found a frozen archway.
 11922 | D:11     | Reached XP level 11. HP: 95/95 MP: 10/10
 11945 | IceCv    | Entered an ice cave
 12296 | IceCv    | Noticed a quicksilver ooze
 12302 | IceCv    | Killed a quicksilver ooze
 13452 | IceCv    | Reached skill level 13 in Axes
 13594 | IceCv    | Reached skill level 5 in Dodging
 13782 | IceCv    | Found a viscous altar of Jiyva.
 13782 | IceCv    | Noticed an azure jelly
 13798 | IceCv    | Killed an azure jelly
 13865 | IceCv    | Noticed a quicksilver ooze
 13877 | IceCv    | Killed a quicksilver ooze
 13959 | IceCv    | Got the ring "Imohi Asef" {rElec rF+ rC+ Dex-5}
 14242 | D:10     | Found a staircase to the Lair.
 14254 | D:10     | Found a runed translucent gate.
 14255 | D:10     | Found a runed translucent gate.
 14255 | D:10     | Found a runed translucent gate.
 14255 | D:10     | Noticed a green ugly thing
 14255 | D:10     | Noticed a cyan ugly thing
 14255 | D:10     | Noticed a green ugly thing
 14255 | D:10     | Noticed a brown ugly thing
 14256 | D:10     | Noticed a cyan ugly thing
 14258 | D:10     | Noticed a glowing orange brain
 14259 | D:10     | Noticed a swamp dragon
 14259 | D:10     | a swamp dragon changed into a water nymph
 14376 | D:10     | Noticed a two-headed ogre
 14380 | D:10     | Noticed Maurice
 14387 | D:10     | Killed a two-headed ogre
 14528 | D:10     | Killed Maurice
 14529 | D:10     | Reached XP level 12. HP: 69/106 MP: 11/11
 14849 | D:10     | Found a snail-covered altar of Cheibriados.
 15115 | D:10     | Reached skill level 14 in Axes
 16154 | D:11     | Identified a scroll of acquirement
 16156 | D:11     | Acquired a manual of Axes
 16307 | D:11     | Noticed a two-headed ogre
 16315 | D:11     | Killed a two-headed ogre
 16427 | D:11     | Reached skill level 5 in Shields
 16805 | D:11     | Identified the +7 chain mail of the Ego {Int+4}
 17067 | D:11     | Found a staircase to the Orcish Mines.
 17532 | D:12     | Found an ancient bone altar of Kikubaaqudgha.
 17696 | D:12     | Reached skill level 10 in Fighting
 18109 | D:12     | Noticed a centaur warrior
 18113 | D:12     | Killed a centaur warrior
 18114 | D:12     | Reached skill level 15 in Axes
 18160 | D:12     | Noticed a two-headed ogre
 18168 | D:12     | Killed a two-headed ogre
 18260 | D:12     | Noticed a two-headed ogre
 18268 | D:12     | Killed a two-headed ogre
 18459 | D:13     | Noticed a two-headed ogre
 18469 | D:13     | Killed a two-headed ogre
 18948 | D:13     | Noticed a centaur warrior
 18954 | D:13     | Killed a centaur warrior
 19175 | D:13     | Noticed a centaur warrior
 19184 | D:13     | Killed a centaur warrior
 19243 | D:13     | Noticed a centaur warrior
 19251 | D:13     | Killed a centaur warrior
 19252 | D:13     | Reached skill level 16 in Axes
 19252 | D:13     | Reached XP level 13. HP: 86/114 MP: 12/12
 20038 | D:14     | Found a shadowy altar of Dithmenos.
 20166 | D:14     | Noticed Rupert
 20168 | D:14     | Paralysed by Rupert for 2 turns
 20182 | D:14     | Killed Rupert
 20183 | D:14     | HP: 6/171 [poisoned by Rupert]
 20184 | D:14     | Succumbed to Rupert's poison

Illustrated notes

Levels and vault maps discovered:
D:1:      enne_arrival_octagon_isle, layout_basic,
          chequers_serial_rivers_micro_e
D:2:      layout_basic, chequers_ecumenical_altar_twisty, chequers_jeans
D:3:      layout_rooms, minmay_misc_feat_encased
D:4:      layout_basic, general_overflow_altar,
          mainiacjoe_overflow_cross_hatched, lemuel_coloured_pillars_altar,
          minmay_temple_entry_mist, uniq_sigmund
D:5:      layout_basic, fedhas_altar_1, nicolae_overflow_hidden_temple,
          overflow_temple_1_default, uniq_blork_the_orc
D:6:      layout_cave_pools, gammafunk_ghost_cemetery, minmay_tree_intersection,
          minmay_small_thing
D:7:      layout_basic, vehumet_altar_wand_db, serial_shops,
          kennysheep_little_box, uniq_duvessa
D:8:      layout_basic, uniq_grum
D:9:      layout_loops_corners, mainiacjoe_overflow_brackets
D:10:     layout_basic, chei_slow_surprise, erik_lair_orcish_takeover,
          serial_glass, glass_columns_a, glass_columns_b, item_on_display_b,
          ploomutoo_gammafunk_ghost_potion_laboratory, minivault_22,
          nrook_mini_vaults, uniq_erolcha, uniq_maurice
D:11:     layout_stronghold, orc_0_dummy, portal_ice_cave_demonic_guard,
          nrook_pool_corridor
D:12:     layout_irregular_city, nicolae_kikubaaqudgha_miasma_corner
D:13:     layout_cave_pods
D:14:     layout_roguey, grunt_vaults_entry_tiered,
          grunt_dithmenos_smoke_and_mirrors, uniq_rupert

Skill      XL: |  1  2  3  4  5  6  7  8  9 10 11 12 13 |
---------------+----------------------------------------+-----
Fighting       | 4 5 6 7 8 9 10 | 10.4
Axes           | 4 5 6 7 9 10 12 13 16 | 16.3
Evocations     | 1 2 3 4 6 7 8 9 |  9.5
Dodging        | 3 4 5 7 |  7.8
Armour         | 3 5 6 8 10 11 | 11.9
Stealth        | 1 2 |  2.5
Shields        | 2 4 6 7 |  7.0

Action                   |  1- 3 |  4- 6 |  7- 9 | 10-12 | 13-15 || total
-------------------------+-------+-------+-------+-------+-------++-------
Melee: Hand axe          |    79 |    77 |       |       |       ||   156
       Headbutt          |    11 |    13 |    39 |    95 |    11 ||   169
       Punch             |     1 |       |     4 |       |       ||     5
       War axe           |       |    15 |   194 |       |       ||   209
       Broad axe         |       |       |    29 |   415 |    40 ||   484
Invok: Berserk           |     1 |     3 |     4 |    16 |     1 ||    25
       Brothers in Arms  |       |       |       |     1 |       ||     1
 Abil: Evoke Blink       |       |       |       |     3 |       ||     3
Evoke: Wand              |       |       |       |     3 |       ||     3
  Use: Scroll            |     2 |     4 |     7 |     7 |       ||    20
 Stab: Sleeping          |       |     1 |       |       |       ||     1
Armor: Animal skin       |     8 |     4 |       |       |       ||    12
       Ring mail         |       |    16 |    23 |       |       ||    39
       Chain mail        |       |       |   101 |   137 |     9 ||   247
Dodge: Dodged            |    48 |    47 |    99 |   143 |     6 ||   343
Block: Buckler           |       |       |     2 |    44 |       ||    46
       Kite shield       |       |       |       |   220 |    26 ||   246
       Reflection        |       |       |       |    27 |     1 ||    28
